[Event "Titled Tuesday Blitz March 07 Late 2023"]
[White "Smith, Garrett L"]
[Black "Mazurkiewicz, Michal"]
[WhiteFideId "2024829"]
[BlackFideId "1124943"]
[WhiteElo "2258"]
[BlackElo "2054"]
[Result "0-1"]
[Round "10"]
[TimeControl "180+2"]
[Date "2023.03.07"]
[WhiteClock "0:00:04"]
[BlackClock "0:00:10"]

1. e4 d6 2. d4 Nf6 3. Nc3 c6 4. f3 e5 5. Be3 Be7 6. g4 O-O 7. Nge2 b5 8. Ng3 Re8 9. g5 Nfd7 10. h4 b4 11. Nce2 d5 12. Nf5 Bf8 13. Qd2 dxe4 14. fxe4 exd4 15. Qxd4 Nc5 16. Qxd8 Rxd8 17. Bg2 Nba6 18. O-O Re8 19. Neg3 Nc7 20. Rad1 N7e6 21. Nh5 Ba6 22. Rf2 Red8 23. Rxd8 Rxd8 24. e5 Bb5 25. Rd2 Rxd2 26. Bxd2 a5 27. Nhg3 g6 28. Ne3 h5 29. a3 bxa3 30. bxa3 a4 31. c4 Ba6 32. Bxc6 Nd4 33. Bd5 Nd3 34. Kf1 Bxa3 35. Ne4 Nxe5 36. Nf6+ Kg7 37. Bc3 Bc5 38. Ne8+ Kf8 39. Nc7 Bc8 40. Ke1 a3 41. Kd2 a2 42. Nc2 Nef3+ 43. Kc1 Nxc2 44. Kxc2 Nxh4 45. Kb2 Nf5 46. Kxa2 h4 47. Be5 Ne3 48. Na6 Nxd5 49. Nxc5 Ne3 50. Kb3 Ng4 51. Bf4 h3 52. Ne4 h2 53. Ng3 Bb7 54. c5 Bd5+ 0-1


[Site "https://www.chess.com"]

[Event "Titled Tuesday Blitz March 07 Late 2023"]
[White "Pein, Jonathan"]
[Black "Ferriz Barrios, Andres"]
[WhiteFideId "417092"]
[BlackFideId "5104467"]
[WhiteElo "2151"]
[BlackElo "2246"]
[Result "1-0"]
[Round "10"]
[TimeControl "180+2"]
[Date "2023.03.07"]
[WhiteClock "0:01:51"]
[BlackClock "0:01:36"]

1. e4 e6 2. d4 d5 3. Nd2 dxe4 4. Nxe4 Nd7 5. Bd3 Ngf6 6. Qe2 b6 7. Bg5 Bb7 8. O-O-O Be7 9. h4 h6 10. Bf4 Nd5 11. Bd2 Nb4 12. Bxb4 Bxb4 13. c3 Be7 14. h5 a5 15. Kb1 a4 16. a3 Nf6 17. Bb5+ c6 18. Nxf6+ Bxf6 19. Bd3 Qd6 20. Nf3 O-O-O 21. Ne5 Rhf8 22. Bc2 b5 23. Nd3 Rfe8 24. f4 Ba8 25. g3 Qe7 26. Nc5 Qa7 27. Rhe1 Rd5 28. Qf2 Be7 29. Ne4 Rxh5 30. Nd2 Rd5 31. Be4 Rdd8 32. Qg2 Qb6 33. Nf3 f6 34. Bg6 c5 35. Bxe8 Rxe8 36. Qe2 Bd5 37. dxc5 Bxc5 38. Rxd5 1-0


[Site "https://www.chess.com"]

[Event "Titled Tuesday Blitz March 07 Late 2023"]
[White "olga-belka"]
[Black "Kielinkei"]
[WhiteElo "2237"]
[BlackElo "2380"]
[Result "0-1"]
[Round "10"]
[TimeControl "180+2"]
[Date "2023.03.07"]
[WhiteClock "0:00:01"]
[BlackClock "0:00:04"]

1. e4 Nf6 2. e5 Nd5 3. d4 d6 4. Nf3 g6 5. Be2 Bg7 6. O-O O-O 7. exd6 cxd6 8. c4 Nb6 9. Nc3 Nc6 10. b3 Bg4 11. Be3 e5 12. dxe5 dxe5 13. Bxb6 Qxb6 14. Nd5 Qd8 15. Rc1 e4 16. Nd2 Bxe2 17. Qxe2 Re8 18. Rfd1 Nd4 19. Qe3 Nf5 20. Qh3 Rc8 21. Nf1 Qg5 22. Nfe3 Nxe3 23. Nxe3 Rcd8 24. Nd5 Qe5 25. Qg3 f5 26. Qe3 b6 27. h3 Kh8 28. Nb4 Qc7 29. Nd5 Qb7 30. Qg5 Qf7 31. Nb4 Rxd1+ 32. Rxd1 Bf6 33. Qf4 Be5 34. Qe3 Qe6 35. Nd5 Rd8 36. Re1 Rd7 37. Qg5 Bg7 38. Qf4 h6 39. Qb8+ Kh7 40. Qc8 Rd6 41. Qc7 Qd7 42. Qxd7 Rxd7 43. Rc1 Kg8 44. Kf1 Kf7 45. Ke2 Ke6 46. Nf4+ Kf7 47. Rd1 Rxd1 48. Kxd1 g5 49. Nd5 Ke6 50. Kc2 Kd6 51. a4 f4 52. Nc3 e3 53. fxe3 fxe3 54. Ne2 Ke5 55. Kd3 Kd6 56. Kxe3 Kc5 57. Kd3 Kb4 58. Kc2 Be5 59. Nc1 Bf6 60. Nd3+ Ka5 61. c5 bxc5 62. Nxc5 Kb4 63. Nd7 Be7 64. Ne5 Kc5 65. Nd3+ Kd4 0-1


[Site "https://www.chess.com"]

[Event "Titled Tuesday Blitz March 07 Late 2023"]
[White "Hajiyev, Kanan"]
[Black "Rodriguez Santiago, Jaime"]
[WhiteFideId "13404148"]
[BlackFideId "3100898"]
[WhiteElo "2103"]
[BlackElo "2025"]
[Result "1-0"]
[Round "10"]
[TimeControl "180+2"]
[Date "2023.03.07"]
[WhiteClock "0:01:10"]
[BlackClock "0:01:01"]

1. d4 Nf6 2. Nf3 e6 3. c4 d5 4. cxd5 Nxd5 5. e4 Nb6 6. a4 c5 7. a5 N6d7 8. d5 Nf6 9. Nc3 Be7 10. Bb5+ Kf8 11. O-O a6 12. Bc4 exd5 13. exd5 Bd6 14. Bg5 h6 15. Bh4 g5 16. Bg3 Bxg3 17. fxg3 Kg7 18. Ne5 Qd6 19. Nxf7 Kxf7 20. Ne4 Qe5 21. Nxf6 Kg7 22. d6 Be6 23. Nh5+ Kg8 24. Re1 1-0


[Site "https://www.chess.com"]

[Event "Titled Tuesday Blitz March 07 Late 2023"]
[White "Garcia Almaguer, Juan Manuel"]
[Black "Hartikainen, Jarmo"]
[WhiteFideId "5110491"]
[BlackFideId "503134"]
[WhiteElo "2117"]
[BlackElo "2194"]
[Result "1-0"]
[Round "10"]
[TimeControl "180+2"]
[Date "2023.03.07"]
[WhiteClock "0:00:49"]
[BlackClock "0:00:01"]

1. e4 c5 2. Nf3 Nc6 3. d4 cxd4 4. Nxd4 Nf6 5. Nc3 d6 6. Bc4 e6 7. Nxc6 bxc6 8. e5 Nd5 9. exd6 Nxc3 10. bxc3 Bxd6 11. Qg4 Be5 12. Qf3 O-O 13. h3 Qa5 14. Bd2 Ba6 15. Bxa6 Qxa6 16. Qe2 Qxe2+ 17. Kxe2 Rab8 18. Rab1 Rfd8 19. Be3 Bxc3 20. Rxb8 Rxb8 21. Bxa7 Ra8 22. Rb1 h6 23. Rb8+ Rxb8 24. Bxb8 Kf8 25. Bc7 Ke7 26. Kd3 Be1 27. f3 Kd7 28. Bb6 Kc8 29. Kc4 Kb7 30. Bd4 g6 31. Kc5 Bh4 32. Kd6 h5 33. Kd7 g5 34. Bf6 c5 35. Ke8 Kc6 36. Kxf7 Kd5 37. f4 Kc4 38. fxg5 1-0


[Site "https://www.chess.com"]

[Event "Titled Tuesday Blitz March 07 Late 2023"]
[White "Antonova, Nadezhda"]
[Black "Carrasco Miranda, Andres"]
[WhiteFideId "14700182"]
[BlackFideId "3405990"]
[WhiteElo "1885"]
[BlackElo "2183"]
[Result "1/2-1/2"]
[Round "10"]
[TimeControl "180+2"]
[Date "2023.03.07"]
[WhiteClock "0:00:03"]
[BlackClock "0:00:06"]

1. Nf3 Nf6 2. b3 g6 3. Bb2 Bg7 4. g3 O-O 5. Bg2 d5 6. O-O Nc6 7. d4 Bf5 8. Nbd2 Ne4 9. Re1 Nxd2 10. Qxd2 Be4 11. Rac1 a5 12. e3 a4 13. c4 axb3 14. axb3 Ra2 15. cxd5 Bxd5 16. Qc3 Be4 17. b4 Qd6 18. b5 Na5 19. Ra1 Rxa1 20. Rxa1 b6 21. Rc1 Rc8 22. Ba3 Qd5 23. Nh4 Bxg2 24. Nxg2 e5 25. dxe5 Bxe5 26. Qb4 Bd6 27. Qb2 Bxa3 28. Qxa3 Qxb5 29. Nf4 c5 30. Nd5 Nc6 31. Qc3 Qa5 32. Qf6 Qa7 33. Qb2 Rd8 34. Nf6+ Kf8 35. Nxh7+ Kg8 36. Nf6+ Kf8 37. Ng4 Nb4 38. Qh8+ Ke7 39. Qf6+ Ke8 40. Ra1 Qe7 41. Qxb6 Kf8 42. Ra7 Rd1+ 43. Kg2 Qe4+ 44. Kh3 Qf5 45. e4 Qh5+ 46. Kg2 Qxg4 47. Qxc5+ Kg7 48. Qxb4 Rd3 49. Qb2+ Kh6 50. Ra2 Qf3+ 51. Kh3 Qh5+ 52. Kg2 Qf3+ 53. Kh3 Qh5+ 54. Kg2 Qf3+ 1/2-1/2


[Site "https://www.chess.com"]

[Event "Titled Tuesday Blitz March 07 Late 2023"]
[White "Kujawski, Adam"]
[Black "Souza, Gustavo Horokoski De"]
[WhiteFideId "1100920"]
[BlackFideId "2146584"]
[WhiteElo "2054"]
[BlackElo "1859"]
[Result "1-0"]
[Round "10"]
[TimeControl "180+2"]
[Date "2023.03.07"]
[WhiteClock "0:00:20"]
[BlackClock "0:00:53"]

1. e4 e6 2. d4 d5 3. Nc3 Nf6 4. Bg5 Be7 5. e5 Nfd7 6. Bxe7 Qxe7 7. f4 a6 8. Nf3 O-O 9. Bd3 h6 10. Ne2 c5 11. c3 Nc6 12. O-O f6 13. a3 fxe5 14. fxe5 cxd4 15. cxd4 Nb6 16. Ng3 Bd7 17. Bc2 Rf4 18. Qd3 Kf8 19. Nh4 Qxh4 20. Rxf4+ Qxf4 21. Rf1 Qxf1+ 22. Qxf1+ Ke7 23. Qd1 Nc4 24. Qg4 Rf8 25. Qxg7+ Rf7 26. Qxh6 Kd8 27. Bg6 Re7 28. h4 Nxd4 29. Qf8+ Be8 30. h5 Nxe5 31. Bxe8 Rxe8 32. Qf6+ 1-0


[Site "https://www.chess.com"]

[Event "Titled Tuesday Blitz March 07 Late 2023"]
[White "Paspuel, Trosky"]
[Black "Marcolino, Daniel Mattos"]
[WhiteFideId "3602150"]
[BlackFideId "2106841"]
[WhiteElo "2325"]
[BlackElo "2121"]
[Result "1-0"]
[Round "10"]
[TimeControl "180+2"]
[Date "2023.03.07"]
[WhiteClock "0:00:53"]
[BlackClock "0:00:36"]

1. c4 e6 2. Nc3 d5 3. d4 a6 4. cxd5 exd5 5. Bf4 Nf6 6. e3 Bd6 7. Bxd6 Qxd6 8. Bd3 O-O 9. Qc2 Re8 10. Nf3 Bg4 11. Ne5 Bh5 12. h3 Nbd7 13. g4 Bg6 14. Bxg6 hxg6 15. f4 Ne4 16. Nxe4 dxe4 17. O-O-O Rac8 18. Kb1 Nf6 19. h4 Nd5 20. h5 Nxe3 21. Qxe4 Nxd1 22. hxg6 f6 23. Qf5 Rxe5 24. Qxc8+ Qf8 25. Rh8+ 1-0


[Site "https://www.chess.com"]

[Event "Titled Tuesday Blitz March 07 Late 2023"]
[White "Vargas Pereda, Jesus Manue"]
[Black "Delgado Rosas, Fatima Alexandra"]
[WhiteFideId "5115710"]
[BlackFideId "6603963"]
[WhiteElo "1914"]
[BlackElo "2314"]
[Result "0-1"]
[Round "10"]
[TimeControl "180+2"]
[Date "2023.03.07"]
[WhiteClock "0:00:48"]
[BlackClock "0:02:14"]

1. Nf3 Nf6 2. c4 e6 3. g3 d5 4. Bg2 c6 5. b3 Nbd7 6. O-O Be7 7. d3 O-O 8. Bb2 Re8 9. Nbd2 b6 10. e4 dxe4 11. dxe4 Bb7 12. Qc2 c5 13. Rad1 Qc7 14. e5 Nh5 15. Ne4 Rad8 16. Nd6 Bxd6 17. exd6 Qb8 18. Ng5 Nhf6 19. Bxb7 Qxb7 20. Qc3 h6 21. Nf3 Qc6 22. Rd3 e5 23. Nh4 Nf8 24. Nf5 Qe4 25. Rf3 Ne6 26. Nxh6+ Kh7 27. Nxf7 Ng5 28. Rxf6 Nh3# 0-1


[Site "https://www.chess.com"]

[Event "Titled Tuesday Blitz March 07 Late 2023"]
[White "Karttunen, Mika"]
[Black "Curtis, John"]
[WhiteFideId "502081"]
[BlackFideId "3200256"]
[WhiteElo "2396"]
[BlackElo "2203"]
[Result "1-0"]
[Round "10"]
[TimeControl "180+2"]
[Date "2023.03.07"]
[WhiteClock "0:00:14"]
[BlackClock "0:00:02"]

1. e4 Nf6 2. e5 Nd5 3. d4 Nb6 4. a4 a5 5. Bb5 c6 6. Bd3 d6 7. Nf3 Bg4 8. h3 Bxf3 9. Qxf3 e6 10. Qg3 d5 11. O-O g6 12. f4 Qc7 13. b3 N8d7 14. c4 c5 15. Nc3 dxc4 16. Nb5 Qd8 17. bxc4 cxd4 18. f5 gxf5 19. Bxf5 Nc5 20. Bg4 Nxc4 21. Bh5 Kd7 22. Rxf7+ Kc6 23. Bf3+ Kb6 24. Rb1 1-0


[Site "https://www.chess.com"]

[Event "Titled Tuesday Blitz March 07 Late 2023"]
[White "Vargas Rodriguez, Wilver"]
[Black "Floresvillar Gonzalez, Luis Migu"]
[WhiteFideId "3509672"]
[BlackFideId "5100542"]
[WhiteElo "2238"]
[BlackElo "2040"]
[Result "1-0"]
[Round "10"]
[TimeControl "180+2"]
[Date "2023.03.07"]
[WhiteClock "0:00:09"]
[BlackClock "0:00:42"]

1. e4 e6 2. d4 d5 3. exd5 exd5 4. Bd3 Bd6 5. Nf3 Ne7 6. O-O Bf5 7. Re1 Bxd3 8. Qxd3 O-O 9. Nc3 c6 10. Bg5 Nd7 11. Bh4 Re8 12. Re2 Nf8 13. Rae1 Qd7 14. Bg3 Bxg3 15. hxg3 Neg6 16. Ne5 Nxe5 17. Rxe5 Rxe5 18. dxe5 Re8 19. f4 g6 20. b4 a6 21. Nd1 Qd8 22. Nf2 Qb6 23. c3 a5 24. a3 axb4 25. axb4 Rd8 26. Kh2 d4 27. Ne4 dxc3 28. Qxc3 Ne6 29. Nd6 Qd4 30. Qxd4 Nxd4 31. Re4 Nc2 32. Nxb7 Rb8 33. Nd6 Rxb4 34. Re2 Nd4 35. Ra2 Nf5 36. Ra8+ Kg7 37. Ne8+ Kh6 38. g4 Ne3 39. g5+ Kh5 40. Kh3 Ng4 41. Ng7# 1-0


[Site "https://www.chess.com"]

[Event "Titled Tuesday Blitz March 07 Late 2023"]
[White "Needleman, Gaston"]
[Black "Gamage, Wanshini Vidusama"]
[WhiteFideId "113735"]
[BlackFideId "9953752"]
[WhiteElo "2266"]
[BlackElo "2191"]
[Result "0-1"]
[Round "10"]
[TimeControl "180+2"]
[Date "2023.03.07"]
[WhiteClock "0:00:37"]
[BlackClock "0:00:19"]

1. e4 c5 2. Nf3 d6 3. c3 Nf6 4. Be2 g6 5. O-O Bg7 6. Re1 O-O 7. Bf1 Nc6 8. d4 cxd4 9. cxd4 d5 10. e5 Ne4 11. Nc3 Nxc3 12. bxc3 Na5 13. Ba3 Re8 14. Rb1 b6 15. Bb5 Bd7 16. e6 fxe6 17. Ng5 Bxb5 18. Rxb5 Qd7 19. Qa4 e5 20. dxe5 Rac8 21. Rxa5 Qf5 22. Rxd5 Qxg5 23. h3 Red8 24. Rxd8+ Rxd8 25. e6 Bxc3 26. Rd1 Rf8 27. Qc4 Qf6 28. Rf1 Bd4 29. Kh1 Bxf2 30. Qe2 Qh4 31. Bb2 Bd4 32. Rxf8+ Kxf8 33. Qf3+ Bf6 34. Qa8+ Kg7 35. Bxf6+ Kxf6 36. Qf8+ Kxe6 37. Qg8+ Kd6 38. Qd8+ Ke5 39. Qb8+ Kf5 40. Qc8+ e6 41. Qc2+ Qe4 42. Qf2+ Ke5 43. Qb2+ Qd4 44. Qe2+ Kd5 45. Qf3+ Kc5 46. Qa3+ Kc6 47. Qxa7 e5 48. Qa8+ Kc5 49. Qc8+ Kb4 50. Qf8+ Kc3 51. Qa3+ Kd2 52. Qd6 Qxd6 0-1


[Site "https://www.chess.com"]

[Event "Titled Tuesday Blitz March 07 Late 2023"]
[White "Dorato, Adriano"]
[Black "Pasti, Aron"]
[WhiteFideId "2802894"]
[BlackFideId "785857"]
[WhiteElo "1709"]
[BlackElo "2173"]
[Result "0-1"]
[Round "10"]
[TimeControl "180+2"]
[Date "2023.03.07"]
[WhiteClock "0:00:01"]
[BlackClock "0:00:05"]

1. d4 d5 2. Nf3 Nf6 3. e3 Bg4 4. h3 Bh5 5. g4 Bg6 6. Ne5 e6 7. h4 Nbd7 8. h5 Be4 9. f3 Nxe5 10. dxe5 Nxg4 11. fxe4 Nxe5 12. exd5 exd5 13. Nc3 Bb4 14. Bd2 Qg5 15. Qe2 Qg3+ 16. Kd1 O-O-O 17. Kc1 Nc4 18. Bh3+ Kb8 19. Qg4 Qf2 20. Qg2 Qf6 21. a3 Bc5 22. Rf1 Qb6 23. b3 Nxe3 24. Bxe3 Bxe3+ 25. Kb2 Bd4 26. Qg3 Bf6 27. Rad1 d4 28. Ne4 Be7 29. Rxf7 Rhe8 30. Qd3 Qa5 31. b4 Bxb4 32. axb4 Qxb4+ 33. Qb3 Qxb3+ 34. cxb3 Rxe4 35. Rxg7 d3 36. Rxh7 a6 37. Rd7 Rxd7 38. Bxd7 Rd4 39. Bf5 Rd5 40. Bg6 c5 41. Rxd3 Rg5 42. Rh3 Rg2+ 43. Kc3 Rf2 44. h6 Rf8 45. h7 Rh8 46. Bc2 Kc7 0-1


[Site "https://www.chess.com"]

[Event "Titled Tuesday Blitz March 07 Late 2023"]
[White "Bongo Akanga Ndjila, Barthelemy"]
[Black "Desideri, Ricardo Maruchi"]
[WhiteFideId "10609431"]
[BlackFideId "2110440"]
[WhiteElo "1768"]
[BlackElo "1945"]
[Result "1/2-1/2"]
[Round "10"]
[TimeControl "180+2"]
[Date "2023.03.07"]
[WhiteClock "0:01:07"]
[BlackClock "0:00:05"]

1. d4 Nf6 2. c4 c5 3. d5 e6 4. Nc3 exd5 5. cxd5 d6 6. Nf3 g6 7. Bf4 a6 8. a4 Bg7 9. e3 O-O 10. h3 Re8 11. Bd3 Nbd7 12. O-O Ne5 13. Bxe5 dxe5 14. e4 Nd7 15. a5 b5 16. axb6 Qxb6 17. Qc2 Rb8 18. Ra2 Qb4 19. Nd2 Nb6 20. Bxa6 Bxa6 21. Rxa6 Nc4 22. Nxc4 Qxc4 23. Ra4 Rb4 24. Rfa1 Reb8 25. Qc1 Qb3 26. Rxb4 cxb4 27. Na4 Ra8 28. Nc5 Rxa1 29. Qxa1 Qc4 30. Qa8+ Bf8 31. Nd7 Qc1+ 32. Kh2 Qf4+ 33. Kg1 Qc1+ 34. Kh2 Qf4+ 35. g3 Qxf2+ 36. Kh1 Qf1+ 37. Kh2 Qf2+ 38. Kh1 Qf1+ 39. Kh2 Qf2+ 1/2-1/2


[Site "https://www.chess.com"]

[Event "Titled Tuesday Blitz March 07 Late 2023"]
[White "Stead, Kerry"]
[Black "Vargas, Mauricio"]
[WhiteFideId "3202577"]
[BlackFideId "4404572"]
[WhiteElo "1997"]
[BlackElo "2025"]
[Result "1-0"]
[Round "10"]
[TimeControl "180+2"]
[Date "2023.03.07"]
[WhiteClock "0:01:04"]
[BlackClock "0:00:02"]

1. d4 d5 2. e4 dxe4 3. Nc3 Nf6 4. f3 exf3 5. Nxf3 Bg4 6. h3 Bh5 7. g4 Bg6 8. Ne5 e6 9. Qf3 c6 10. Bg5 Be7 11. O-O-O h6 12. Be3 Bh7 13. Bd3 Bxd3 14. Rxd3 Nbd7 15. h4 Nxe5 16. dxe5 Nd5 17. Rf1 O-O 18. g5 hxg5 19. hxg5 Bxg5 20. Bxg5 Qxg5+ 21. Kb1 Qxe5 22. Ne4 Rad8 23. Rh1 Qf6 24. Nxf6+ Nxf6 25. Rxd8 Rxd8 26. Qh3 Kf8 27. Kc1 Ke7 28. c3 Nd5 29. Rd1 g6 30. a3 b5 31. Qh4+ Ke8 32. c4 Ne7 33. Rxd8+ Kxd8 34. cxb5 cxb5 35. Qd4+ Ke8 36. Qxa7 Kf8 37. Qb8+ Kg7 38. Qxb5 Nd5 39. a4 Kf6 40. a5 g5 41. a6 g4 42. a7 g3 43. Qf1+ Kg6 44. a8=Q Kg5 45. Qf3 g2 46. Qxg2+ Kf5 47. Qf3+ Ke5 48. Qb8+ Kd4 49. Qa7+ Ke5 50. Qg3+ Ke4 51. Qa4+ Kf5 52. Qag4+ Kf6 53. Qg5# 1-0


[Site "https://www.chess.com"]

[Event "Titled Tuesday Blitz March 07 Late 2023"]
[White "Manu_ChessExcelsior"]
[Black "Skaric, Djuro"]
[BlackFideId "934569"]
[WhiteElo "1990"]
[BlackElo "2282"]
[Result "0-1"]
[Round "10"]
[TimeControl "180+2"]
[Date "2023.03.07"]
[WhiteClock "0:00:01"]
[BlackClock "0:00:37"]

1. e4 d6 2. d4 g6 3. Nc3 Bg7 4. f4 Nf6 5. Nf3 O-O 6. Be3 Nc6 7. Qd2 e5 8. O-O-O Ng4 9. Bg1 exd4 10. Nxd4 a6 11. h3 Nf6 12. g4 Re8 13. Bg2 Bd7 14. Bf2 Rb8 15. Rhe1 b5 16. Nxc6 Bxc6 17. e5 Bxg2 18. exf6 Bxf6 19. Rxe8+ Qxe8 20. Re1 Qc6 21. Bd4 Bh4 22. Re2 b4 23. Nd1 Bf3 24. Re3 Qd5 25. Rd3 Qxa2 26. b3 c5 27. Bb2 c4 28. Rxd6 Bxd1 29. bxc4 Qxc4 30. Qxd1 b3 31. Rd4 Qxc2+ 32. Qxc2 bxc2 33. Kxc2 f5 34. Ra4 Rb6 35. Bc3 Rc6 36. Kd3 Kf7 37. Ra5 Bd8 38. Rd5 Be7 39. gxf5 gxf5 40. Rxf5+ Kg6 41. Rd5 Bd6 42. f5+ Kg5 43. f6+ Kg6 44. h4 h6 45. h5+ Kf7 46. Rf5 Bf8 47. Rf3 Rc5 48. Rh3 a5 49. Bd4 Rg5 0-1


[Site "https://www.chess.com"]

[Event "Titled Tuesday Blitz March 07 Late 2023"]
[White "Kho, Darrell"]
[Black "Winkels, Marcel"]
[WhiteFideId "1019317"]
[BlackFideId "1003887"]
[WhiteElo "2154"]
[BlackElo "1900"]
[Result "1-0"]
[Round "10"]
[TimeControl "180+2"]
[Date "2023.03.07"]
[WhiteClock "0:00:10"]
[BlackClock "0:00:18"]

1. e4 g6 2. d4 Bg7 3. Nc3 c5 4. dxc5 Qa5 5. Bd2 Qxc5 6. Nd5 Na6 7. Nf3 Nf6 8. b4 Qd6 9. Bf4 e5 10. Bxe5 Qc6 11. b5 Qc5 12. Nxf6+ Bxf6 13. Bxf6 O-O 14. bxa6 Qb6 15. Qd4 Qc6 16. Bc4 Re8 17. Bd5 Qxa6 18. Bh8 Kf8 19. Qg7+ Ke7 20. Qxf7+ Kd6 21. Qf6+ Re6 22. Bxe6 dxe6 23. Qd4+ Ke7 24. Bf6+ Kf7 25. Ng5+ Ke8 26. Qd8# 1-0


[Site "https://www.chess.com"]

[Event "Titled Tuesday Blitz March 07 Late 2023"]
[White "Andreikin, Dmitry"]
[Black "Caruana, Fabiano"]
[WhiteFideId "4158814"]
[BlackFideId "2020009"]
[WhiteElo "2736"]
[BlackElo "2818"]
[Result "1-0"]
[Round "11"]
[TimeControl "180+2"]
[Date "2023.03.07"]
[WhiteClock "0:00:08"]
[BlackClock "0:00:01"]

1. Nf3 Nf6 2. c4 c5 3. Nc3 e6 4. e4 Nc6 5. Be2 d5 6. exd5 exd5 7. d4 cxd4 8. Nxd4 dxc4 9. Nxc6 Qxd1+ 10. Nxd1 bxc6 11. Bxc4 Nd5 12. O-O Be6 13. b3 Be7 14. Bb2 O-O 15. Re1 Bb4 16. Re4 a5 17. Ne3 Rfd8 18. h3 Bc5 19. Rc1 Bb6 20. Bd4 Bxd4 21. Rxd4 Nxe3 22. fxe3 Rxd4 23. exd4 Bd7 24. d5 cxd5 25. Bxd5 Ra7 26. Kf2 Kf8 27. Ke3 Ke7 28. Kd4 f6 29. Be4 h6 30. Rc5 Kd6 31. Rd5+ Kc7 32. Kc5 Ra6 33. Rd2 Be8 34. Bd5 Rb6 35. Re2 Rb5+ 36. Kd4 Bd7 37. a4 Rb4+ 38. Kc5 Kd8 39. Bc4 Rb8 40. Rd2 Kc7 41. Rd6 Ra8 42. Bb5 Bc8 43. Rc6+ Kd8 44. Kb6 h5 45. Rc5 f5 46. Re5 1-0


[Site "https://www.chess.com"]

[Event "Titled Tuesday Blitz March 07 Late 2023"]
[White "Sjugirov, Sanan"]
[Black "Carlsen, Magnus"]
[WhiteFideId "4189302"]
[BlackFideId "1503014"]
[WhiteElo "2569"]
[BlackElo "2852"]
[Result "0-1"]
[Round "11"]
[TimeControl "180+2"]
[Date "2023.03.07"]
[WhiteClock "0:00:02"]
[BlackClock "0:00:40"]

1. e4 Nf6 2. e5 Nd5 3. d4 d6 4. Nf3 dxe5 5. Nxe5 g6 6. Bc4 Be6 7. O-O Bg7 8. Bb3 O-O 9. Re1 a5 10. a3 a4 11. Ba2 c5 12. c4 Nb6 13. d5 Bf5 14. Nc3 N8d7 15. Nf3 e6 16. Bg5 Qb8 17. Be7 Re8 18. d6 Nc8 19. h3 h5 20. Bh4 Nxd6 21. Bg3 e5 22. Bb1 Qc7 23. Bxf5 Nxf5 24. Bh2 Qc6 25. Ng5 Nb6 26. Qd3 Rad8 27. Qf1 Nd4 28. Rad1 f6 29. Nge4 Bf8 30. f4 f5 31. fxe5 fxe4 32. Nxe4 Be7 33. Qd3 Nf5 34. Qc2 Rxd1 35. Rxd1 Ne3 36. Qd3 Nxd1 37. Nf6+ Bxf6 38. Qxg6+ Bg7 0-1


[Site "https://www.chess.com"]

[Event "Titled Tuesday Blitz March 07 Late 2023"]
[White "Nakamura, Hikaru"]
[Black "Keymer, Vincent"]
[WhiteFideId "2016192"]
[BlackFideId "12940690"]
[WhiteElo "2879"]
[BlackElo "2651"]
[Result "1-0"]
[Round "11"]
[TimeControl "180+2"]
[Date "2023.03.07"]
[WhiteClock "0:00:10"]
[BlackClock "0:00:02"]

1. Nf3 d5 2. b3 Bg4 3. e3 e6 4. Bb2 Nd7 5. d3 Ngf6 6. h3 Bxf3 7. Qxf3 a5 8. a3 a4 9. b4 c5 10. bxc5 Bxc5 11. Nd2 Qb6 12. Rb1 Qd6 13. Ra1 Qb6 14. Ra2 O-O 15. d4 Be7 16. c4 Qa5 17. cxd5 exd5 18. Bd3 b5 19. Ke2 Nb6 20. g4 Nc4 21. Bc1 Rad8 22. g5 Ne8 23. h4 Nc7 24. Qf5 g6 25. Qh3 Ne6 26. Nf3 Rfe8 27. h5 Bxg5 28. Kf1 Qc3 29. Bc2 Bf6 30. hxg6 hxg6 31. Kg2 Kf8 32. Rd1 Kg7 33. Qg4 Rh8 34. Bd3 Qa5 35. Bd2 Qc7 36. Bb4 Qd7 37. Bf5 Rde8 38. Rg1 Rh5 39. Kf1 Rxf5 40. Qxf5 Qc6 41. Rc2 Rc8 42. Rc3 Qd7 43. Qg4 Nb6 44. Rxc8 Qxc8 45. Kg2 Qc2 46. Rh1 Nc4 47. Kg3 Qe4 48. Qxe4 dxe4 49. Nd2 Nxd2 50. Bxd2 Be7 51. Rb1 Nc7 52. Bb4 Bxb4 53. Rxb4 Kf6 54. f3 Kf5 55. d5 exf3 56. d6 Ne6 57. Rxb5+ Kf6 58. Rb8 Nc5 59. Rc8 Nd7 60. Re8 Nb6 61. e4 f2 62. Kxf2 Nd7 63. Re7 Nb6 64. e5+ Kf5 65. d7 Nxd7 66. Rxd7 Kxe5 67. Ra7 1-0


[Site "https://www.chess.com"]

[Event "Titled Tuesday Blitz March 07 Late 2023"]
[White "Preotu, Razvan"]
[Black "Fedoseev, Vladimir"]
[WhiteFideId "2613280"]
[BlackFideId "24130737"]
[WhiteElo "2407"]
[BlackElo "2752"]
[Result "0-1"]
[Round "11"]
[TimeControl "180+2"]
[Date "2023.03.07"]
[WhiteClock "0:00:31"]
[BlackClock "0:00:59"]

1. e4 e6 2. d4 d5 3. Nc3 Nf6 4. e5 Nfd7 5. f4 c5 6. Nf3 Nc6 7. Be3 a6 8. Qd2 b5 9. Be2 c4 10. O-O Nb6 11. Nd1 Be7 12. c3 a5 13. Bf2 b4 14. Ne3 h5 15. Bd1 a4 16. a3 bxa3 17. bxa3 Na5 18. Bc2 Nb3 19. Qe2 Nxa1 20. Rxa1 g6 21. h4 Kd7 22. Ng5 Qf8 23. Qd1 Kc7 24. Qc1 Bd7 25. Bd1 Qg7 26. Nc2 Rhb8 27. Nb4 Kd8 28. Bc2 Ke8 29. Qe3 Nc8 30. Be1 Na7 31. Bd2 Nc6 32. Bc1 Na5 33. Bd2 Nb3 34. Rf1 Rb5 35. Be1 Rc8 36. Qg3 Bxb4 37. cxb4 Nxd4 38. Bxa4 Ne2+ 0-1


[Site "https://www.chess.com"]

[Event "Titled Tuesday Blitz March 07 Late 2023"]
[White "Martinez Alcantara, Jose Eduardo"]
[Black "Liang, Awonder"]
[WhiteFideId "3805662"]
[BlackFideId "2056437"]
[WhiteElo "2712"]
[BlackElo "2508"]
[Result "0-1"]
[Round "11"]
[TimeControl "180+2"]
[Date "2023.03.07"]
[WhiteClock "0:00:11"]
[BlackClock "0:00:10"]

1. e4 e5 2. Nf3 Nc6 3. Nc3 Nf6 4. h3 Bb4 5. a3 Bxc3 6. dxc3 O-O 7. Bg5 h6 8. Bh4 g5 9. Nxg5 hxg5 10. Bxg5 Kg7 11. Qf3 d6 12. h4 Rh8 13. Be2 Be6 14. h5 Rh6 15. O-O-O Qh8 16. Qe3 Rh7 17. f4 exf4 18. Qxf4 Nd7 19. Rdf1 Kg8 20. Qg3 Qe5 21. Bf4+ Qg7 22. Qh4 Nce5 23. g4 Kh8 24. g5 Ng6 25. Qg3 Nxf4 26. Qxf4 Rg8 27. Rfg1 Qe5 28. Qd2 Rgg7 29. g6 fxg6 30. hxg6 Rxh1 31. Rxh1+ Kg8 32. Qh6 Kf8 33. Qh8+ Ke7 34. Qa8 Qg5+ 35. Kb1 Qxg6 36. Bd3 b6 37. Qxa7 Qg2 38. Rc1 Kd8 39. Qa8+ Ke7 40. Qa7 Kd8 41. Qa8+ Ke7 42. Qc8 c5 43. Qc7 Qg3 44. a4 d5 45. Qc6 Qd6 46. Qb5 c4 47. Be2 dxe4 48. Bxc4 Qc5 49. Bxe6 Qxb5 50. axb5 Kxe6 51. Re1 Ke5 52. Ka2 Nc5 53. b4 Ne6 54. Kb3 Kf4 55. c4 e3 56. c5 bxc5 57. bxc5 Nxc5+ 58. Kc4 Ne4 59. b6 Kf3 60. Kd5 e2 61. c4 Nc3+ 62. Kd4 Na4 63. c5 Kf2 64. Ra1 e1=Q 65. Rxe1 Kxe1 66. Kc4 Rg5 67. b7 Rxc5+ 68. Kb4 Rc1 69. Ka5 Rb1 70. Ka6 Nc5+ 71. Ka7 Nxb7 72. Ka8 Nc5 73. Ka7 Kd2 74. Ka8 Kd3 75. Ka7 Kc4 76. Ka8 Kd5 77. Ka7 Kc6 78. Ka8 Kc7 79. Ka7 Ra1# 0-1


[Site "https://www.chess.com"]

[Event "Titled Tuesday Blitz March 07 Late 2023"]
[White "Naroditsky, Daniel"]
[Black "Maksimovic, Bojan"]
[WhiteFideId "2026961"]
[BlackFideId "14408120"]
[WhiteElo "2633"]
[BlackElo "2468"]
[Result "1-0"]
[Round "11"]
[TimeControl "180+2"]
[Date "2023.03.07"]
[WhiteClock "0:00:57"]
[BlackClock "0:00:01"]

1. d4 c5 2. d5 e5 3. e4 d6 4. Nc3 Be7 5. f4 exf4 6. Bxf4 Bg5 7. Qd2 Bxf4 8. Qxf4 Nf6 9. Nf3 O-O 10. O-O-O Bg4 11. Be2 Re8 12. h3 Bxf3 13. gxf3 Nh5 14. Qg4 g6 15. Rhg1 Kh8 16. f4 Nd7 17. Rde1 a6 18. Bf3 Qf6 19. Qxd7 Qxf4+ 20. Kb1 Qxf3 21. Qxd6 Qxh3 22. Qxc5 Qh2 23. Rd1 Qe5 24. Qb6 Rac8 25. d6 Rc6 26. Qb4 Rd8 27. Rd5 Qe6 28. Rgd1 Nf4 29. Qxb7 Rxc3 30. bxc3 Nxd5 31. Qxd5 1-0


[Site "https://www.chess.com"]